 Dungeon Crawl Stone Soup version 0.30.1-11-g7821555f0a (webtiles) character file.

Game seed: 3939828830295029904

97 PaiMei the Grave Robber (level 4, -11/31 HPs)
             Began as a Demonspawn Necromancer on Jan 11, 2024.
             Mangled by an ogre
             ... wielding a +0 giant club
              (24 damage)
             ... on level 4 of the Dungeon.
             The game lasted 00:02:58 (2841 turns).

PaiMei the Grave Robber (Demonspawn Necromancer)    Turns: 2841, Time: 00:02:58

Health: -11/31     AC:  2    Str:  9    XL:     4   Next: 42%
Magic:  1/8        EV: 12    Int: 18    God:
Gold:   179        SH:  0    Dex: 13    Spells: 4/8 levels left

rFire   . . .        o - +2 whip (freeze)
rCold   . . .        (no shield)
rNeg    . . .        a - +0 robe
rPois   .            (no helmet)
rElec   .            (no cloak)
rCorr   .            (no gloves)
SInv    +            (no boots)
Will    +....        (no amulet)
Stlth   ++           e - ring of see invisible
HPRegen 0.25/turn    h - ring of willpower
MPRegen 0.11/turn

%: no passive effects
@: no status effects
A: demonic touch 1
a: no special abilities


You were on level 4 of the Dungeon.
You visited 1 branch of the dungeon, and saw 4 of its levels.

You collected 179 gold pieces.

Inventory:

Hand Weapons
 c - a +0 whip
 o - a +2 whip of freezing (weapon)
Armour
 a - a +0 robe (worn)
Jewellery
 e - a ring of see invisible (left hand)
 h - a ring of willpower (right hand)
Scrolls
 d - 2 scrolls of fear {unknown}
 f - a scroll of enchant armour {unknown}
 i - a scroll of amnesia {unknown}
 k - a scroll of enchant weapon {unknown}
 l - 3 scrolls of poison {unknown}
 n - a scroll of blinking {unknown}
 q - a scroll of immolation {unknown}
Potions
 b - a potion of magic
 g - a potion of degeneration {unknown}
 j - a potion of brilliance {unknown}
 m - a potion of mutation {unknown}
 p - 2 potions of heal wounds {unknown}


   Skills:
 + Level 0.6 Fighting
 + Level 2.5 Dodging
 - Level 2.5 Stealth
 + Level 2.7 Spellcasting
 + Level 5.0 Necromancy


You had 4 spell levels left.
You knew the following spells:

 Your Spells              Type           Power      Damage    Failure   Level
a - Necrotise             Necr           80%        1d8       2%          1
b - Vampiric Draining     Necr           20%        2d7       6%          3

Your spell library contained the following spells:

 Spells                   Type           Power      Damage    Failure   Level
 Animate Dead             Necr           20%        N/A       22%         4
 Hailstorm                Conj/Ice       2%         3d3       45%         3
 Ice Form                 Ice/Tmut       2%         N/A       86%         4
 Agony                    Necr           20%        N/A       52%         5
 Simulacrum               Ice/Necr       5%         N/A       100%        6


Dungeon Overview and Level Annotations

Branches:
Dungeon (4/15)
 Temple: D:4-7

Altars:

Shops:
D:3 (


Innate Abilities, Weirdness & Mutations

Your touch may inflict minor irresistible damage on your foes.


Message History

Confirm with . or Enter, or press ? or * to list all spells.
Aiming: Necrotise (safe; 2% risk of failure)
Press: ? - help, Shift-Dir - straight line, f/p - ogre
Aim: an ogre, wielding a +0 giant club (chance to affect: 78%)
The ogre writhes in agony!
Casting: Necrotise (safe; 2% risk of failure)
Confirm with . or Enter, or press ? or * to list all spells.
You don't have enough magic to cast this spell.
Casting: Necrotise (safe; 2% risk of failure)
Confirm with . or Enter, or press ? or * to list all spells.
You don't have enough magic to cast this spell.
Casting: Necrotise (safe; 2% risk of failure)
Confirm with . or Enter, or press ? or * to list all spells.
You don't have enough magic to cast this spell.
Casting: Necrotise (safe; 2% risk of failure)
Confirm with . or Enter, or press ? or * to list all spells.
You don't have enough magic to cast this spell.
Casting: Necrotise (safe; 2% risk of failure)
Confirm with . or Enter, or press ? or * to list all spells.
You don't have enough magic to cast this spell.
Casting: Necrotise (safe; 2% risk of failure)
Confirm with . or Enter, or press ? or * to list all spells.
You don't have enough magic to cast this spell.
Casting: Necrotise (safe; 2% risk of failure)
Confirm with . or Enter, or press ? or * to list all spells.
You don't have enough magic to cast this spell.
You hit the ogre. You freeze the ogre.
You touch the ogre.
The ogre is heavily wounded.
The ogre closely misses you.
You barely miss the ogre.
The ogre is heavily wounded.
The ogre hits you with a +0 giant club!!
Ouch! That really hurt!
You hit the ogre. You freeze the ogre.
The ogre is severely wounded.
You closely miss the ogre. Your touch misses the ogre.
The ogre is severely wounded.
The ogre hits you with a +0 giant club!!
Ouch! That really hurt!
You die...

#.#.# #.#.########
#####.#.........
#........############
#...................#
#.........#########.#
#.........#<......#.#
#.........#..####>#.#
..###..O@.....#..#
#.#.#
..........###.#.##
#...# ...########
#.#### ##### #....#
######


You could see an ogre.

Vanquished Creatures
  An iguana (D:4)
  2 adders
  A dart slug (D:2)
  4 endoplasms
  4 giant cockroaches
  A goblin (D:1)
  10 hobgoblins
  3 quokkas (D:1)
  3 ball pythons
  5 bats
  6 kobolds
  6 rats
46 creatures vanquished.

Vanquished Creatures (collateral kills)
  An endoplasm (D:1)
1 creature vanquished.

Grand Total: 47 creatures vanquished

Notes
Turn   | Place    | Note
-------+----------+-------------------------------------------
     0 | D:1      | PaiMei the Demonspawn Necromancer began the quest for the
                  | Orb.
     0 | D:1      | Reached XP level 1. HP: 13/13 MP: 3/3
   291 | D:1      | Gained mutation: Your touch may inflict minor irresistible
                  | damage on your foes. [demonic ancestry]
   291 | D:1      | Reached XP level 2. HP: 19/19 MP: 1/5
  1128 | D:2      | Reached XP level 3. HP: 24/24 MP: 2/6
  2200 | D:3      | Found Yhiz's Weapon Boutique.
  2638 | D:3      | Learned a level 3 spell: Vampiric Draining
  2710 | D:4      | Reached skill level 5 in Necromancy
  2710 | D:4      | Reached XP level 4. HP: 31/31 MP: 1/8
  2796 | D:4      | Noticed a phantom
  2830 | D:4      | Noticed an ogre
  2841 | D:4      | Mangled by an ogre

Illustrated notes

Levels and vault maps discovered:
D:1:      wander_arrival_estate, layout_basic, serial_glass, glass_columns_a,
          glass_columns_b, due_unseen_surprise
D:2:      layout_basic, glass_columns_a, st_stairs_1
D:3:      layout_loops_cross, serial_shops, nicolae_shop_rolling_square
D:4:      layout_basic, minmay_temple_entry_fiery, serial_shops,
          nicolae_shop_just_a_little_nook, shop

Skill      XL: |  1  2  3 |
---------------+----------+-----
Stealth        | 2 |  2.5
Dodging        | 2 |  2.5
Necromancy     | 5 |  5.0
Fighting       | |  0.6
Spellcasting   | |  2.7

Action                     |  1- 3 |  4- 6 || total
---------------------------+-------+-------++-------
  Melee: Whip              |    19 |     4 ||    23
         Touch             |     2 |     1 ||     3
   Cast: Necrotise         |    84 |     8 ||    92
 Armour: Robe              |     7 |       ||     7
  Dodge: Dodged            |    23 |     1 ||    24
